 Dungeon Crawl Stone Soup version 0.27-a0-340-g029c345 (webtiles) character file.

Game seed: 16759349902338728241

30 PublicAnimeNo1 the Caller (level 3, -1/20 HPs)
             Began as a Tengu Summoner on Feb 13, 2021.
             Slain by Terence
             ... wielding a +2 trident of protection
              (7 damage)
             ... on level 2 of the Dungeon.
             The game lasted 00:04:41 (1912 turns).

PublicAnimeNo1 the Caller (Tengu Summoner)          Turns: 1912, Time: 00:04:42

Health: -1/20      AC:  3    Str:  9    XL:     3   Next: 18%
Magic:  1/7        EV: 13    Int: 15    God:
Gold:   47         SH:  0    Dex: 14    Spells: 3/6 levels left

rFire    . . .     SeeInvis .   c - +0 dagger
rCold    . . .     Faith    .   (no shield)
rNeg     . . .     Spirit   .   a - +0 robe
rPois    +         Reflect  .   (helmet restricted)
rElec    .         Harm     .   (no cloak)
rCorr    .         Rampage  .   f - +0 pair of gloves
Will     .....                  (boots unavailable)
Stlth    ++........             (no amulet)
HPRegen  0.06/turn              i - ring of poison resistance
MPRegen  0.10/turn              (no ring)

@: no status effects
A: beak, talons 3
a: no special abilities


You were on level 2 of the Dungeon.
You visited 1 branch of the dungeon, and saw 2 of its levels.

You collected 47 gold pieces.

Inventory:

Hand Weapons
 b - a +0 whip
 c - a +0 dagger (weapon)
Armour
 a - a +0 robe (worn)
 f - a +0 pair of gloves (worn)
Jewellery
 i - a ring of poison resistance (left hand)
Scrolls
 d - 3 scrolls of teleportation {unknown}
 e - a scroll of enchant weapon {unknown}
 g - a scroll of magic mapping {unknown}
Potions
 h - a potion of curing {unknown}


   Skills:
 + Level 1.3 Fighting
 * Level 1.7 Short Blades
 + Level 2.8 Dodging
 - Level 2.0 Stealth
 - Level 2.0 Spellcasting
 - Level 4.8 Summonings


You had 3 spell levels left.
You knew the following spells:

 Your Spells              Type           Power        Failure   Level
a - Summon Small Mammal   Summ           64%          3%          1
b - Call Imp              Summ           16%          4%          2

Your spell library contained the following spells:

 Spells                   Type           Power        Failure   Level
 Call Canine Familiar     Summ           16%          9%          3
 Summon Guardian Golem    Hex/Summ       8%           26%         3
 Summon Ice Beast         Ice/Summ       8%           63%         4
 Summon Lightning Spire   Summ/Air       8%           63%         4


Dungeon Overview and Level Annotations

Branches:
Dungeon (2/15)

Altars:

Annotations:
D:2 Terence


Innate Abilities, Weirdness & Mutations

You have a beak for a mouth.
You have claws for feet.


Message History

Terence hits your crimson imp with a +2 trident of protection!
Your crimson imp hits Terence but does no damage.
Terence hits your crimson imp with a +2 trident of protection!
Your crimson imp dies!
A beastly little devil appears in a puff of flame.
Terence shouts!
Unknown command.
Terence hits you with a +2 trident of protection.
Terence hits you with a +2 trident of protection!
You hit Terence but do no damage.
Terence is severely wounded.
Terence hits you with a +2 trident of protection.
* * * LOW HITPOINT WARNING * * *
You aren't carrying any items that you can evoke.
Unknown command.
You swap places.
Your crimson imp hits Terence but does no damage.
Terence misses your crimson imp.
Your crimson imp hits Terence but does no damage.
Terence hits your crimson imp with a +2 trident of protection!
Your crimson imp hits Terence but does no damage.
Terence misses your crimson imp.
Your crimson imp completely misses Terence.
Terence hits your crimson imp with a +2 trident of protection.
Your crimson imp hits Terence but does no damage.
Terence hits your crimson imp with a +2 trident of protection.
Your crimson imp hits Terence but does no damage.
Terence barely misses your crimson imp.
Your crimson imp barely misses Terence.
Your crimson imp hits Terence.
Terence hits your crimson imp with a +2 trident of protection.
Your crimson imp hits Terence but does no damage.
Terence closely misses your crimson imp.
Your crimson imp barely misses Terence.
Terence hits your crimson imp with a +2 trident of protection.
Your crimson imp dies!
Terence shouts!
Terence hits you with a +2 trident of protection.
* * * LOW HITPOINT WARNING * * *
Terence hits you from afar with a +2 trident of protection!
You die...

#......##.###...#
#.# #..
#.......#.# #
#.##.#. #)#>#
#.#).##) #...#
.##.##.... ##.)###
#......#..# #....+
+.....##..# #.@###
#####....## ##.##
##.#..# #.@#
#.#..# ##.###+#
#.##.# #..##.#
#....#
##.##.########....
#..#........'....
##.#.########....
#...# #.... ##..#
#.... #..# #....


You could see Terence.

Vanquished Creatures
  2 leopard geckos (D:1)
  A giant cockroach (D:2)
  2 goblins (D:1)
  3 hobgoblins
  A jackal (D:2)
  A ball python (D:1)
  5 bats
  2 frilled lizards
  A kobold (D:2)
  A rat (D:1)
19 creatures vanquished.

Vanquished Creatures (collateral kills)
  A bat (D:1)
  4 hobgoblins (D:1)
  A kobold (D:1)
  2 rats
8 creatures vanquished.

Vanquished Creatures (others)
  A plant (D:1)
  4 toadstools (D:1)
5 creatures vanquished.

Grand Total: 32 creatures vanquished

Notes
Turn   | Place    | Note
-------+----------+-------------------------------------------
     0 | D:1      | PublicAnimeNo1 the Tengu Summoner began the quest for the
                  | Orb.
     0 | D:1      | Reached XP level 1. HP: 10/10 MP: 4/4
   811 | D:1      | Reached XP level 2. HP: 16/16 MP: 4/6
   814 | D:1      | Learned a level 2 spell: Call Imp
   874 | D:1      | Reached skill level 1 in Fighting
   874 | D:1      | Reached skill level 1 in Short Blades
  1601 | D:2      | Reached XP level 3. HP: 16/20 MP: 1/7
  1846 | D:2      | Noticed Terence
  1912 | D:2      | Slain by Terence

Illustrated notes

Levels and vault maps discovered:
D:1:      ldierk_walled_garden_2, layout_rooms, minmay_tiny_reverse_x
D:2:      layout_basic, minmay_tromino_v7, uniq_terence

Skill      XL: |  1  2 |
---------------+-------+-----
Fighting       | 1 |  1.3
Short Blades   | 1 |  1.7
Dodging        | |  2.8
Stealth        | |  2.0
Spellcasting   | |  2.0
Summonings     | |  4.8

Action                   || total
-------------------------++-------
Melee: Dagger            ||    69
       Kick              ||    18
       Whip              ||     6
       Unarmed           ||     3
       Peck              ||    10
 Cast: Summon Small Mamm ||     9
       Call Imp          ||    11
Armor: Robe              ||    11
Dodge: Dodged            ||    94

Table legend: (Time is in decaauts)
 A = Elapsed time spent in this place.
 B = Non-inter-level travel time spent in this place.
 C = Inter-level travel time spent in this place.
 D = Time resting spent in this place.
 E = Time spent auto-exploring this place.
 F = Levels seen in this place.
 G = Mean time per level.
                   A        B        C        D        E       F      G
               +--------+--------+--------+--------+--------+-----+--------+
         Total |   1908 |   1882 |     26 |    872 |    725 |   2 |  954.0 |
       Dungeon |   1908 |   1882 |     26 |    872 |    725 |   2 |  954.0 |
               +--------+--------+--------+--------+--------+-----+--------+

Top non-repeatable levels by time:
     D:1: 1532 daAuts
     D:2: 375 daAuts
